 Dungeon Crawl Stone Soup version 0.19.0-11-g3fc08b3 (webtiles) character file.

1701 KristoblXynda the Covert (level 9, -18/68 HPs)
             Began as a Naga Enchanter on Nov 9, 2016.
             Killed from afar by Eustachio (20 damage)
             ... with a rod of lightning
             ... on level 5 of the Dungeon.
             The game lasted 00:10:37 (5228 turns).

KristoblXynda the Covert (Naga Enchanter)           Turns: 5228, Time: 00:10:37

Health: -18/68     AC:  8    Str: 11    XL:     9   Next: 3%
Magic:  11/18      EV: 10    Int: 18    God:
Gold:   219        SH:  0    Dex: 12    Spells: 2 memorised, 15 levels left

rFire  . . .     SeeInvis +     o - +2 dagger (venom)
rCold  . . .     Gourm    .     b - +1 robe
rNeg   . . .     Faith    .     (no shield)
rPois  +         Spirit   .     (no helmet)
rElec  .         Reflect  .     p - +2 cloak
rCorr  .         Harm     .     (no gloves)
MR     +....                    (no barding)
Stlth  +++++.....               (no amulet)
                                (no ring)
                                (no ring)

@: very slow
A: see invisible, deformed body, poison resistance, slowness 2, slow metabolism
1, spit poison 1, AC +3
a: Spit Poison


You were on level 5 of the Dungeon.
You were not hungry.

You visited 1 branch of the dungeon, and saw 5 of its levels.

You collected 219 gold pieces.

Inventory:

Hand Weapons
 o - a +2 dagger of venom (weapon)
Armour
 b - a +1 robe (worn)
 p - a +2 cloak (worn)
Wands
 s - a wand of lightning (12/15)
Scrolls
 a - 2 scrolls of identify
 e - 4 scrolls of remove curse
 i - a scroll of fear
 j - a scroll of magic mapping
 q - 5 scrolls of teleportation
 u - a scroll of amnesia
Potions
 g - a potion of invisibility
 k - a potion of haste
 l - 3 potions of lignification
 n - 2 potions of might
 r - 2 potions of curing
 t - a potion of flight
Books
 c - a book of Maledictions

   Spells                             Type                      Level
   a - Corona                         Hexes                        1
   b - Ensorcelled Hibernation        Hexes/Ice                    2
   c - Confuse                        Hexes                        3
   d - Tukima's Dance                 Hexes                        3
   e - Dazzling Spray                 Conjuration/Hexes            3
Comestibles
 d - 4 bread rations
 f - 3 meat rations
 h - 6 fruits
 m - 2 beef jerkies


   Skills:
 - Level 1.0 Short Blades
 - Level 1.5 Dodging
 + Level 10.9 Stealth
 + Level 6.2 Spellcasting
 + Level 7.1 Hexes


You had 15 spell levels left.
You knew the following spells:

 Your Spells              Type           Power        Failure   Level  Hunger
a - Confuse               Hex            ####....     1%          3    ##.....
b - Ensorcelled Hibernat  Hex/Ice        ###...       4%          2    None


Dungeon Overview and Level Annotations

Branches:
Dungeon (5/15)
 Temple: D:4-7

Altars:
Elyvilon
Gozag
Kikubaaqudgha
Makhleb
Trog

Annotations:
D:4 1 runed door
D:5 Eustachio


Innate Abilities, Weirdness & Mutations

You cannot wear boots.
Your serpentine skin is tough. (AC +3)
You have supernaturally acute eyesight. (SInv)
Armour fits poorly on your strangely shaped body.
Your system is resistant to poisons. (rPois)
You cover ground very slowly.
You have a slow metabolism.
You can spit poison.


Message History

Eustachio closely misses you.
You hit Eustachio.
Eustachio is poisoned.
Eustachio is moderately wounded.
You completely miss Eustachio.
Eustachio is moderately wounded.
Eustachio seems less confused.
Eustachio misses you.
Things that are here:
an uncursed shortbow; 14 arrows; a centaur corpse You miss Eustachio.
Eustachio is moderately wounded.
Eustachio brags, "I can call spirits from the vasty deep."
Eustachio closely misses you. Eustachio hits you but does no damage.
You hit Eustachio but do no damage.
Eustachio is moderately wounded.
Eustachio closely misses you.
Eustachio zaps a rod.
The lightning hits you!
* * * LOW HITPOINT WARNING * * *
You barely miss Eustachio.
Eustachio is moderately wounded.
Eustachio zaps a rod.
The lightning hits you!
You die...

8..... #.#..######
#..... #.##.# 8...8
#....# ##>## ###..#
############..#
#............#
.#####..########..#
...........)# #..#
.######@###.# #..# ###
#@# #.# #..# #..
###(###(####..### .#
#...(..(........##.#
#.###.#.##.(####..#.##.#
#....#.##.(##....#.##K#
#.#####.)........## ##.#
####..##.#### #p#
#..##.# #.##.#


You could see Eustachio.

Vanquished Creatures
  Pikel (D:5)
  Grinder (D:3)
  Sigmund (D:4)
  A slave (D:5)
  The ghost of Thomus the Chopper, an amateur HOGl of Okawaru (D:3)
  2 centaurs (D:5)
  2 vampire bats (D:3)
  A crimson imp (D:5)
  A jelly (D:5)
  3 orc priests (D:4)
  2 hounds
  A bullfrog skeleton (D:4)
  3 orc wizards (D:4)
  An iguana (D:4)
  3 worker ants (D:4)
  A hound skeleton (D:4)
  Robin (D:3)
  7 adders
  An ooze (D:3)
  2 worms
  A dart slug (D:3)
  A leopard gecko (D:1)
  3 orcs (D:4)
  2 ball pythons
  6 bats
  4 bat skeletons (D:3)
  2 bat zombies (D:3)
  3 giant cockroaches
  17 goblins
  11 hobgoblins
  5 kobolds
  3 frilled lizards
  A jackal skeleton (D:5)
  7 rats
102 creatures vanquished.

Vanquished Creatures (others)
  3 slaves (D:5)
  A crimson imp (D:5)
  An orc priest (D:5)
  A worker ant (D:5)
  A jackal (D:5)
  A leopard gecko skeleton (D:5)
8 creatures vanquished.

Grand Total: 110 creatures vanquished

Notes
Turn   | Place    | Note
-------+----------+-------------------------------------------
     0 | D:1      | KristoblXynda the Naga Enchanter began the quest for the Orb.
     0 | D:1      | Reached XP level 1. HP: 15/15 MP: 3/3
   464 | D:1      | Reached XP level 2. HP: 22/22 MP: 5/5
   481 | D:1      | Learned a level 2 spell: Ensorcelled Hibernation
   843 | D:1      | Reached skill level 5 in Stealth
  1159 | D:2      | Reached XP level 3. HP: 27/28 MP: 6/6
  1205 | D:2      | Learned a level 3 spell: Confuse
  1764 | D:2      | Reached XP level 4. HP: 35/36 MP: 8/8
  1998 | D:3      | Found an opulent altar of Gozag.
  2067 | D:3      | Noticed Robin
  2081 | D:3      | Killed Robin
  2464 | D:3      | Noticed Thomus's ghost (amateur HOGl)
  2489 | D:3      | Killed Thomus's ghost
  2489 | D:3      | Reached skill level 6 in Stealth
  2489 | D:3      | Reached XP level 5. HP: 5/42 MP: 4/10
  2962 | D:3      | Noticed Grinder
  2964 | D:3      | Paralysed by Grinder for 2 turns
  2983 | D:3      | Killed Grinder
  2983 | D:3      | Reached skill level 7 in Stealth
  2983 | D:3      | Reached XP level 6. HP: 37/49 MP: 0/12
  3166 | D:3      | Found an ancient bone altar of Kikubaaqudgha.
  3183 | D:3      | Reached skill level 5 in Hexes
  3183 | D:3      | Reached XP level 7. HP: 49/55 MP: 6/13
  3483 | D:4      | Found a burning altar of Makhleb.
  3541 | D:4      | Reached skill level 8 in Stealth
  3952 | D:4      | Noticed Sigmund
  3960 | D:4      | Found a runed door.
  3960 | D:4      | Found a white marble altar of Elyvilon.
  3960 | D:4      | Noticed an angel
  3965 | D:4      | Killed Sigmund
  3965 | D:4      | Reached skill level 9 in Stealth
  3965 | D:4      | Reached skill level 5 in Spellcasting
  3965 | D:4      | Reached XP level 8. HP: 44/62 MP: 9/15
  4522 | D:4      | Noticed a moth of wrath
  4525 | D:4      | Found a bloodstained altar of Trog.
  4761 | D:5      | Entered Level 5 of the Dungeon
  4785 | D:5      | Noticed Pikel
  4816 | D:5      | Killed Pikel
  4816 | D:5      | Reached skill level 10 in Stealth
  5198 | D:5      | Noticed Eustachio
  5219 | D:5      | Reached XP level 9. HP: 21/68 MP: 9/18
  5227 | D:5      | HP: 1/68 [Eustachio/rod of lightning (21)]
  5228 | D:5      | Killed from afar by Eustachio

Skill      XL: |  1  2  3  4  5  6  7  8 |
---------------+-------------------------+-----
Stealth        | 5 6 7 9 10 | 10.9
Spellcasting   | 3 4 5 6 |  6.2
Hexes          | 4 5 7 |  7.1
Short Blades   | |  1.0
Dodging        | |  1.5

Action                   |  1- 3 |  4- 6 |  7- 9 || total
-------------------------+-------+-------+-------++-------
Melee: Dagger            |   105 |    98 |   179 ||   382
 Cast: Ensorcelled Hiber |     5 |     4 |       ||     9
       Confuse           |       |     7 |    23 ||    30
 Abil: Spit Poison       |     7 |       |     1 ||     8
  Use: Scroll            |     5 |     4 |     3 ||    12
       Potion            |       |     4 |       ||     4
 Stab: Sleeping          |    14 |     8 |     1 ||    23
       Invisible         |       |     2 |       ||     2
       Confused          |       |     4 |     9 ||    13
  Eat: Chunk             |     1 |     2 |       ||     3
       Fruit             |     1 |       |       ||     1
       Beef jerky        |     1 |       |       ||     1
       Meat ration       |       |     1 |       ||     1
       Bread ration      |       |       |     1 ||     1
Armor: Robe              |    32 |    42 |    62 ||   136
Dodge: Dodged            |    44 |    74 |   109 ||   227
